[Event "Metz op 31th"]
[Site "Metz"]
[Date "2013.04.24"]
[Round "4"]
[White "Nisipeanu, Liviu Dieter"]
[Black "Maiorov, Nikita"]
[Result "1-0"]
[ECO "E54"]
[WhiteElo "2677"]
[BlackElo "2535"]
[Annotator "Metz Alekhine/Primel,D"]
[PlyCount "89"]
[EventDate "2013.04.20"]
[EventType "swiss"]
[EventRounds "9"]
[EventCountry "FRA"]
[SourceTitle "EXT 2016"]
[Source "ChessBase"]
[SourceDate "2015.10.08"]
[SourceVersion "1"]
[SourceVersionDate "2015.10.08"]
[SourceQuality "1"]
[TimeControl "40/5400:1800+30"]
[WhiteClock "1:30:00"]
[BlackClock "1:30:00"]

1. d4 Nf6 2. c4 e6 3. Nc3 Bb4 {le répertoire habituel des Noirs} 4. e3 O-O (
4... c5) 5. Bd3 (5. Nge2) 5... d5 6. Nf3 dxc4 (6... c5 {La grande ligne}) 7.
Bxc4 c5 {92} 8. O-O b6 {88 C'est encore une grande ligne mais les Noirs ont
hésité un peu} 9. Qe2 (9. a3 cxd4 10. axb4 dxc3 11. Qxd8 Rxd8 12. bxc3 $14)
9... cxd4 10. exd4 Bb7 11. Rd1 (11. Bg5) 11... Bxc3 12. bxc3 Nbd7 {83} (12...
Qc7 ) 13. Bb3 (13. Bd3 Nd5 (13... Qc7 14. c4) 14. Bd2
Qc7 15. Qe4 N5f6 16. Qe3 Ng4 $132 {[%cal Gb7f3] ;Ivkov,B-Bertholdt,D Dresden
1959 (6) 1/2-1/2}) 13... Qc7 {62 Curieusement, les Noirs ont réfléchi
longtemps sur une position encore théorique} (13... Rc8 14. c4) 14. c4 Rfe8 {
63} 15. Bb2 Nh5 $146 (15... Qf4 16. Qe3 Qf5 17. Ne1 b5 18. c5 Nd5
19. Qg3 Nf4 20. Rd2 Nf6 21. f3 N6h5 22. Qf2 Bd5 23. Bc2 Qg5 24. Kh1 Bc4 25. g3
Ng6 26. Ng2 Bd5 27. Ne3 Nf6 28. h4 Qh5 29. Nxd5 Nxd5 30. Re1 Red8 31. Rde2 Rab8
32. Bc1 h6 33. Kg2 Nc3 34. Re5 Nxe5 35. Rxe5 f5 36. Bb3 Nd5 37. Rxe6 Kh8 38.
Qe1 Nf6 39. Qe5 Re8 40. c6 Rbc8 41. Qxb5 Qg6 42. h5 Qxh5 43. Bf4 a6 44. Qxa6
Nh7 45. c7 {Aronian,L (2754)-Leko,P (2751) Nalchik 2009 1-0}) 16. Ng5 (16. Rac1
) 16... Nf4 17. Qc2 Nf8 18. f3 Rac8 $11 19.
Qf2 Ba6 20. Rac1 Qe7 21. Ne4 f5 {[%csl Re6][%cal Gb3g8] 14 Le bielorusse est
rarement en zeitnot et le fait qu'il commence à avoir un sérieux retard à
la pendule est le signe qu'il n'est pas trés-à-l'aise dans cette position.} (
21... N8g6 {Plus souple}) 22. Ng3 Qg5 23.
Kh1 b5 $6 {[%cal Gb3g8] Gagne le contrôle de la case "d5" mais le Bb3 se
ranime} 24. cxb5 Bxb5 25. Rxc8 Rxc8 26. d5 exd5 27. Bxd5+ Kh8 $6 {Joué
quasiment à tempo alors que l'alternative Nd5 était plus solide} (27... Nxd5
28. Qxa7 $2 Rc2 $1 {La différence entre les deux variantes}) 28. Qxa7 $40 {
[%csl Ga2,Gb2,Gd5,Rg7][%cal Gb2g7,Ga7g7] La position Noire est très compromise
} Nd3 (28... h5 29. Bb3 h4 30. Qb7 $18 ) 29.
f4 $1 Qg6 (29... Nxf4 30. Nxf5 Qxf5 31. Qxg7#) 30. Rxd3 $1 Bxd3 31. Nh5 $1 Rc1+
32. Bxc1 Qxh5 33. Ba3 Bb5 34. Bf3 Qe8 35. Bxf8 Qxf8 36. Qa8 Qxa8 37. Bxa8 Kg8
38. Kg1 Kf7 39. Kf2 Ke6 40. Ke3 Kd6 41. Kd4 h6 42. h4 Bd7 43. Bd5 Bb5 44. g3
Be8 45. Bb3 1-0

[Event "Cappelle op 32nd"]
[Site "Cappelle la Grande"]
[Date "2016.02.19"]
[Round "8"]
[White "Arizmendi Martinez, Julen Luis"]
[Black "Gharamian, Tigran"]
[Result "1/2-1/2"]
[ECO "E54"]
[WhiteElo "2507"]
[BlackElo "2643"]
[Annotator "Primel,D"]
[PlyCount "41"]
[EventDate "2016.02.13"]
[EventType "swiss"]
[EventRounds "9"]
[EventCountry "FRA"]
[SourceTitle "EXT 2017"]
[Source "ChessBase"]
[SourceDate "2016.10.25"]
[SourceVersion "1"]
[SourceVersionDate "2016.10.25"]
[SourceQuality "1"]
[TimeControl "40/5400+30:1800+30"]
[WhiteClock "1:30:00"]
[BlackClock "1:30:00"]

1. d4 Nf6 2. c4 e6 3. Nc3 Bb4 4. e3 d5 5. Nf3 O-O 6. Bd3 c5 7. O-O cxd4 8. exd4
dxc4 9. Bxc4 b6 10. Bg5 Bb7 11. Qe2 Nbd7 (11... Bxc3 12. bxc3 Nbd7 13. Nd2 Qc7
14. Rac1 Nd5 15. f3 e5 16. Rfe1 Rae8 17. Bxd5 Bxd5 18. c4 Bb7 19. d5 f5 20. Be3
Rc8 21. a4 a5 22. Qd3 Rf6 23. Qa3 Ba6 24. Bf2 Rh6 25. h3 Rg6 26. Qe7 h5 27. h4
Qd8 28. Qxd8+ Rxd8 29. Kh2 Kf7 30. Rc3 Re8 31. Bg3 Nc5 32. Rxe5 Rxe5 33. Bxe5
Nxa4 34. Ra3 Nc5 35. Bd4 Nd7 36. Kg1 Rh6 37. Kf2 Rh8 38. Re3 Rc8 39. d6 Re8 40.
Rxe8 Kxe8 41. Bxg7 {Tomashevsky,E (2728)-Hou,Y (2673) Wijk aan Zee 2016 1/2-1/2
}) 12. d5 Bxc3 13. dxe6 Bxf3 14. gxf3 fxe6 $13 (14... Bd4 15. e7 Qc7 16.
exf8=Q+ Rxf8 17. Rac1 Qb8 18. Bh4 Qf4 19. Bg3 Qg5 20. f4 Qh6 21. Rfd1 Bc5 22.
Bb5 Nb8 23. a3 Nh5 24. Qf3 a6 25. Be2 Nxg3 26. hxg3 a5 27. Bb5 Qf6 28. Qc3 Qe7
29. Re1 Qd6 30. Rcd1 Qc7 31. Qe5 Qc8 32. Qe4 Qh3 33. Rd3 Qh5 34. f5 {1-0 (34)
Poobalasingam,P (2203)-Hansen,V (2124) Tromsoe 2008}) 15. Rad1 Qc7 16. Bxe6+
Kh8 17. bxc3 Rae8 $132 18. Qc4 $1 Qb7 19. Bxd7 Nxd7 20. Qd5 Qxd5 21. Rxd5
1/2-1/2

[Event "Sautron op 15th"]
[Site "Sautron"]
[Date "2015.10.24"]
[Round "7.8"]
[White "Swayams, Mishra"]
[Black "Ibrahim, Hatim"]
[Result "1-0"]
[ECO "E54"]
[WhiteElo "2444"]
[BlackElo "2311"]
[Annotator "RR"]
[PlyCount "73"]
[EventDate "2015.10.24"]
[EventType "swiss"]
[EventRounds "9"]
[EventCountry "FRA"]
[SourceTitle "CBM 169 Extra"]
[Source "ChessBase"]
[SourceDate "2015.12.18"]
[SourceVersion "1"]
[SourceVersionDate "2015.12.18"]
[SourceQuality "1"]
[TimeControl "40/5400+30:1800+30"]
[WhiteClock "0:33:03"]
[BlackClock "0:01:13"]

1. d4 Nf6 2. c4 e6 3. Nc3 Bb4 4. e3 O-O (4... c5) 5. Bd3 d5 6. Nf3 c5 7. O-O cxd4 8. exd4 dxc4 9. Bxc4 b6 (9... Nbd7) (9... a6) 10. Qd3 (10. Bg5 {
La grande ligne} Bb7 11. Qe2 (11. Rc1)) 10... Bb7 11. Bg5 Nbd7 12. Rfd1 (12. Rac1) (12.
Rfe1) 12... Bxc3 13. bxc3 Qc7 14. Bb3 Rac8 (14... Ne4 15. c4 Nxg5 16.
Nxg5 Nf6 17. d5 Qf4 18. Qg3 Qxg3 19. hxg3 h6 20. Nf3 Ne4 21. dxe6 fxe6 22. Bc2
Rad8 23. Bxe4 Bxe4 24. Ne5 Bc2 25. Rdc1 Be4 26. Re1 Rd4 27. Rad1 Rfd8 28. Rxd4
Rxd4 29. f3 Bb7 30. Kf2 Rd2+ 31. Re2 Rxe2+ 32. Kxe2 Kf8 33. Ke3 Ke7 34. Kd4 Kd6
35. g4 Ba8 36. a3 Bb7 37. g5 hxg5 38. Nf7+ Ke7 39. Nxg5 Kd6 40. Nf7+ Ke7 41.
Ne5 Kd6 42. g3 Ba8 43. f4 Bg2 44. Nd3 {Milov,V (2683)-Sprenger,J (2477) Port
Erin 2004 1/2-1/2 (80)}) 15. Rac1 Rfe8 $146 (
15... Ne4 16. Bh4 Qf4 17. c4 Ndf6 18. Qe3 Qxe3 19. fxe3 Rc7 20. Ne5 Rfc8 21.
Rc2 Ne8 22. a4 N8d6 23. Rdc1 Nf5 24. Bf2 Nxf2 25. Kxf2 Nd6 26. a5 Kf8 27. Ke1
Be4 28. c5 Nf5 29. Rf2 bxc5 30. dxc5 Ke8 31. c6 Ke7 32. Nxf7 Kxf7 33. g4 Ke7
34. gxf5 exf5 35. Ba4 g6 36. Rd2 Bxc6 37. Rdc2 Kd6 38. Rd2+ Ke6 39. Rdc2 Kd6
40. Rd2+ {1/2-1/2 (40) Rozentalis,E (2505)-Bilunov,B (2420) Podolsk 1989}) 16.
Re1 Bd5 $5 {[%emt 0:17:19] Un coup provocateur joué après
une longue réflexion} (16... a6) 17. c4 Bxf3 18. Qxf3 e5 19. d5 Qd6 20. Ba4 $1 $14 {[%emt 0:00:08][%csl Ga4,Gg5] La
paire de B est forte} Rf8 21. Qf5 g6 22. Qf3 (22. Qh3 ) 22... Kg7 23. Qe3 Ng4 24. Qg3 $1 $16 Nc5 (24... f5 25. h3 ) 25. Bc2 f6 26. Qxg4 fxg5 27. Qxg5 Rce8 28. Re3 h6 29. Qg3 Rf4 30. Qxf4 $1 exf4 31. Rxe8 Qf6 32. Rd1 $18 Qc3 33. Bb3 Kf7 34. Ree1 Nd3 35. d6 Qxe1+ 36. Rxe1 Nxe1 37. c5+ 1-0